Workbook
Name Text156: 'j. Cost Share'!#REF!
Name Text157: 'j. Cost Share'!#REF!
Name Text158: 'j. Cost Share'!#REF!

Sheet Instructions and Summary
C1: Instructions and Summary
A3: Award Number: | D3: Date of Submission:
A4: Award Recipient: | D4: Form submitted by:
G5: (May be award recipient or sub-recipient)
A6: Please read the instructions on each worksheet tab before starting. If you have any questions, please ask your DOE contact!
A7: 1. If using this form for award application, negotiation, or budget revision, fill out the blank white cells in workbook tabs a. through j. with total project costs. If using this form for invoice submission, fill out tabs a. through j. with total costs for just the proposed invoice and fill out tab k. per the instructions on that tab. 2. Blue colored cells contain instructions, headers, or summary calculations and should not be modified. Only blank white cells should be populated. 3. Enter detailed support for the project costs identified for each Category line item within each worksheet tab to autopopulate the summary tab. 4. The total budget presented on tabs a. through i. must include both Federal (DOE) and Non-Federal (cost share) portions. 5. All costs incurred by the preparer's sub-recipients, vendors, and Federal Research and Development Centers (FFRDCs), should be entered only in section f. Contractual. All other sections are for the costs of the preparer only. 6. Ensure all entered costs are allowable, allocable, and reasonable in accordance with the administrative requirements prescribed in 2 CFR 200, and the applicable cost principles for each entity type: FAR Part 31 for For-Profit entities; and 2 CFR Part 200 Subpart E - Cost Principles for all other non-federal entities. 7. Add rows as needed throughout tabs a. through j. If rows are added, formulas/calculations may need to be adjusted by the preparer. Do not add rows to the Instructions and Summary tab. If your project contains more than three budget periods, consult your DOE contact before adding additional budget period rows or columns. 8. ALL budget period cost categories are rounded to the nearest dollar. BURDEN DISCLOSURE STATEMENT Public reporting burden for this collection of information is estimated to average 3 hours per response, including the time for reviewing instructions, searching existing data sources, gathering and maintaining the data needed, and completing and reviewing the collection of information. Send comments regarding this burden estimate or any other aspect of this collection of information, including suggestions for reducing this burden, to Office of Information Resources Management Policy, Plans, and Oversight, AD-241-2 - GTN, Paperwork Reduction Project (1910-5162), U.S. Department of Energy, 1000 Independence Avenue, S.W., Washington, DC 20585; and to the Office of Management and Budget, Paperwork Reduction Project (1910-5162), Washington, DC 20503.
A9: SUMMARY OF BUDGET CATEGORY COSTS PROPOSED The values in this summary table are from entries made in subsequent tabs, only blank white cells require data entry
A10: Section A - Budget Summary
C11: Federal | D11: Cost Share | E11: Total Costs | F11: Cost Share % | G11: Proposed Budget Period Dates
B12: Budget Period 1 | C12: =E12-D12 -> 0 | D12: ='j. Cost Share'!D17 -> 0 | E12: =B32 -> 0 | F12: =IF(E12>0,D12/E12,0) -> 0 | G12: Example!!! 01/01/2014 - 12/31/2014
B13: Budget Period 2 | C13: =E13-D13 -> 0 | D13: ='j. Cost Share'!E17 -> 0 | E13: =C32 -> 0 | F13: =IF(E13>0,D13/E13,0) -> 0
B14: Budget Period 3 | C14: =E14-D14 -> 0 | D14: ='j. Cost Share'!F17 -> 0 | E14: =D32 -> 0 | F14: =IF(E14>0,D14/E14,0) -> 0
B15: Total | C15: =SUM(C12:C14) -> 0 | D15: =SUM(D12:D14) -> 0 | E15: =SUM(E12:E14) -> 0 | F15: =IF(E15>0,D15/E15,0) -> 0
A16: Section B - Budget Categories
A17: CATEGORY | B17: Budget Period 1 | C17: Budget Period 2 | D17: Budget Period 3 | E17: Total Costs | F17: % of Project | G17: Comments (as needed)
A18: a. Personnel | B18: ='a. Personnel'!E34 -> 0 | C18: ='a. Personnel'!H34 -> 0 | D18: ='a. Personnel'!K34 -> 0 | E18: =SUM(B18:D18) -> 0 | F18: =IF(E18>0,E18/E15,0) -> 0
A19: b. Fringe Benefits | B19: ='b. Fringe'!D13 -> 0 | C19: ='b. Fringe'!G13 -> 0 | D19: ='b. Fringe'!J13 -> 0 | E19: =SUM(B19:D19) -> 0 | F19: =IF(E19>0,E19/E15,0) -> 0
A20: c. Travel | B20: ='c. Travel'!K14 -> 0 | C20: ='c. Travel'!K22 -> 0 | D20: ='c. Travel'!K30 -> 0 | E20: =SUM(B20:D20) -> 0 | F20: =IF(E20>0,E20/E15,0) -> 0
A21: d. Equipment | B21: ='d. Equipment'!E14 -> 0 | C21: ='d. Equipment'!E22 -> 0 | D21: ='d. Equipment'!E30 -> 0 | E21: =SUM(B21:D21) -> 0 | F21: =IF(E21>0,E21/E15,0) -> 0
A22: e. Supplies | B22: ='e. Supplies'!E15 -> 0 | C22: ='e. Supplies'!E25 -> 0 | D22: ='e. Supplies'!E35 -> 0 | E22: =SUM(B22:D22) -> 0 | F22: =IF(E22>0,E22/E15,0) -> 0
A23: f. Contractual
A24: Sub-recipient | B24: ='f. Contractual'!D13 -> 0 | C24: ='f. Contractual'!E13 -> 0 | D24: ='f. Contractual'!F13 -> 0 | E24: =SUM(B24:D24) -> 0 | F24: =IF(E24>0,E24/E15,0) -> 0
A25: Vendor | B25: ='f. Contractual'!D22 -> 0 | C25: ='f. Contractual'!E22 -> 0 | D25: ='f. Contractual'!F22 -> 0 | E25: =SUM(B25:D25) -> 0 | F25: =IF(E25>0,E25/E15,0) -> 0
A26: FFRDC | B26: ='f. Contractual'!D27 -> 0 | C26: ='f. Contractual'!E27 -> 0 | D26: ='f. Contractual'!F27 -> 0 | E26: =SUM(B26:D26) -> 0 | F26: =IF(E26>0,E26/E15,0) -> 0
A27: Total Contractual | B27: =SUM(B24:B26) -> 0 | C27: =SUM(C24:C26) -> 0 | D27: =SUM(D24:D26) -> 0 | E27: =SUM(B27:D27) -> 0 | F27: =IF(E27>0,E27/E15,0) -> 0
A28: g. Construction | B28: ='g. Construction'!C15 -> 0 | C28: ='g. Construction'!C22 -> 0 | D28: ='g. Construction'!C29 -> 0 | E28: =SUM(B28:D28) -> 0 | F28: =IF(E28>0,E28/E15,0) -> 0
A29: h. Other Direct Costs | B29: ='h. Other'!C14 -> 0 | C29: ='h. Other'!C22 -> 0 | D29: ='h. Other'!C30 -> 0 | E29: =SUM(B29:D29) -> 0 | F29: =IF(E29>0,E29/E15,0) -> 0
A30: Total Direct Costs | B30: =B18+B19+B20+B21+B22+B27+B28+B29 -> 0 | C30: =C18+C19+C20+C21+C22+C27+C28+C29 -> 0 | D30: =D18+D19+D20+D21+D22+D27+D28+D29 -> 0 | E30: =E18+E19+E20+E21+E22+E27+E28+E29 -> 0 | F30: =IF(E30>0,E30/E15,0) -> 0
A31: i. Indirect Charges | B31: ='i. Indirect'!B16 -> 0 | C31: ='i. Indirect'!C16 -> 0 | D31: ='i. Indirect'!D16 -> 0 | E31: =SUM(B31:D31) -> 0 | F31: =IF(E31>0,E31/E15,0) -> 0
A32: Total Costs | B32: =B30+B31 -> 0 | C32: =C30+C31 -> 0 | D32: =D30+D31 -> 0 | E32: =E30+E31 -> 0 | F32: =F30+F31 -> 0
A34: Additional Explanation (as needed):

Sheet a. Personnel
A1: Detailed Budget Justification
A2: a. Personnel
A3: INSTRUCTIONS - PLEASE READ!!! 1. List project costs solely for employees of the entity completing this form. All personnel costs for subrecipients and vendors must be included under f. Contractual. 2. All personnel should be identified by position title and not employee name. Enter the amount of time (e.g., hours or % of time) and the base pay rate and the total direct personnel compensation will automatically calculate. Rate basis (e.g., actual salary, labor distribution report, state civil service rates, etc.) must also be identified. 3. If loaded labor rates are utilized, a description of the costs the loaded rate is comprised of must be included in the Additional Explanation section below. DOE must review all components of the loaded labor rate for reasonableness and unallowable costs (e.g. fee or profit). 4. If a position and hours are attributed to multiple employees (e.g. Technician working 4000 hours) the number of employees for that position title must be identified. 5. Each budget period is rounded to the nearest dollar.
A6: SOPO Task # | B6: Position Title | C6: Budget Period 1 | F6: Budget Period 2 | I6: Budget Period 3 | L6: Project Total Hours | M6: Project Total Dollars | N6: Rate Basis
C7: Time (Hrs) | D7: Pay Rate ($/Hr) | E7: Total Budget Period 1 | F7: Time (Hrs) | G7: Pay Rate ($/Hr) | H7: Total Budget Period 2 | I7: Time (Hrs) | J7: Pay Rate ($/Hr) | K7: Total Budget Period 3
A8: 1 | B8: Sr. Engineer (EXAMPLE!!!) | C8: 2000 | D8: 85 | E8: =C8*D8 -> 170000 | F8: 200 | G8: 50 | H8: =F8*G8 -> 10000 | I8: 200 | J8: 50 | K8: =I8*J8 -> 10000 | L8: =C8+F8+I8 -> 2400 | M8: =E8+H8+K8 -> 190000 | N8: Actual Salary
A9: 2 | B9: Technicians (2) | C9: 4000 | D9: 20 | E9: =C9*D9 -> 80000 | F9: 0 | G9: 0 | H9: =F9*G9 -> 0 | I9: 0 | J9: 0 | K9: =I9*J9 -> 0 | L9: =C9+F9+I9 -> 4000 | M9: =E9+H9+K9 -> 80000 | N9: Actual Salary
E10: =C10*D10 -> 0 | H10: =F10*G10 -> 0 | K10: =I10*J10 -> 0 | L10: =SUM(C10+F10+I10) -> 0 | M10: =SUM(E10+H10+K10) -> 0
E11: =C11*D11 -> 0 | H11: =F11*G11 -> 0 | K11: =I11*J11 -> 0 | L11: =SUM(C11+F11+I11) -> 0 | M11: =SUM(E11+H11+K11) -> 0
E12: =C12*D12 -> 0 | H12: =F12*G12 -> 0 | K12: =I12*J12 -> 0 | L12: =SUM(C12+F12+I12) -> 0 | M12: =SUM(E12+H12+K12) -> 0
E13: =C13*D13 -> 0 | H13: =F13*G13 -> 0 | K13: =I13*J13 -> 0 | L13: =SUM(C13+F13+I13) -> 0 | M13: =SUM(E13+H13+K13) -> 0
E14: =C14*D14 -> 0 | H14: =F14*G14 -> 0 | K14: =I14*J14 -> 0 | L14: =SUM(C14+F14+I14) -> 0 | M14: =SUM(E14+H14+K14) -> 0
E15: =C15*D15 -> 0 | H15: =F15*G15 -> 0 | K15: =I15*J15 -> 0 | L15: =SUM(C15+F15+I15) -> 0 | M15: =SUM(E15+H15+K15) -> 0
E16: =C16*D16 -> 0 | H16: =F16*G16 -> 0 | K16: =I16*J16 -> 0 | L16: =SUM(C16+F16+I16) -> 0 | M16: =SUM(E16+H16+K16) -> 0
E17: =C17*D17 -> 0 | H17: =F17*G17 -> 0 | K17: =I17*J17 -> 0 | L17: =SUM(C17+F17+I17) -> 0 | M17: =SUM(E17+H17+K17) -> 0
E18: =C18*D18 -> 0 | H18: =F18*G18 -> 0 | K18: =I18*J18 -> 0 | L18: =SUM(C18+F18+I18) -> 0 | M18: =SUM(E18+H18+K18) -> 0
E19: =C19*D19 -> 0 | H19: =F19*G19 -> 0 | K19: =I19*J19 -> 0 | L19: =SUM(C19+F19+I19) -> 0 | M19: =SUM(E19+H19+K19) -> 0
E20: =C20*D20 -> 0 | H20: =F20*G20 -> 0 | K20: =I20*J20 -> 0 | L20: =SUM(C20+F20+I20) -> 0 | M20: =SUM(E20+H20+K20) -> 0
E21: =C21*D21 -> 0 | H21: =F21*G21 -> 0 | K21: =I21*J21 -> 0 | L21: =SUM(C21+F21+I21) -> 0 | M21: =SUM(E21+H21+K21) -> 0
... E33: =C33*D33 -> 0 | H33: =F33*G33 -> 0 | K33: =I33*J33 -> 0 | L33: =SUM(C33+F33+I33) -> 0 | M33: =SUM(E33+H33+K33) -> 0
B34: Total Personnel Costs | C34: =SUM(C10:C33) -> 0 | E34: =ROUND(SUM(E10:E33),0) -> 0 | F34: =SUM(F10:F33) -> 0 | H34: =ROUND(SUM(H10:H33),0) -> 0 | I34: =SUM(I10:I33) -> 0 | K34: =ROUND(SUM(K10:K33),0) -> 0 | L34: =J34+G34+D34 -> 0 | M34: =ROUND(SUM(K34+H34+E34),0) -> 0
A36: Additional Explanation (as needed):

Sheet b. Fringe
A1: Detailed Budget Justification
A2: b. Fringe Benefits
A3: INSTRUCTIONS - PLEASE READ!!! 1. Fill out the table below by position title. If all employees receive the same fringe benefits, you can show "Total Personnel" in the Labor Type column instead of listing out all position titles. 2. The rates and how they are applied should not be averaged to get one fringe cost percentage. Complex calculations should be described/provided in the Additional Explanation section below. 3. The fringe benefit rates should be applied to all positions, regardless of whether those funds will be supported by Federal Share or Recipient Cost Share. 4. Each budget period is rounded to the nearest dollar.
A5: Labor Type | B5: Budget Period 1 | E5: Budget Period 2 | H5: Budget Period 3 | K5: Total Project
B6: Personnel Costs | C6: Rate | D6: Total | E6: Personnel Costs | F6: Rate | G6: Total | H6: Personnel Costs | I6: Rate | J6: Total
A7: EXAMPLE!!! Sr. Engineer | B7: 170000 | C7: 0.2 | D7: =B7*C7 -> 34000 | E7: 10000 | F7: 0.2 | G7: =E7*F7 -> 2000 | H7: 10000 | I7: 0.2 | J7: =H7*I7 -> 2000 | K7: =D7+G7+J7 -> 38000
D8: =C8*B8 -> 0 | G8: =E8*F8 -> 0 | J8: =H8*I8 -> 0 | K8: =SUM(D8+G8+J8) -> 0
D9: =C9*B9 -> 0 | G9: =E9*F9 -> 0 | J9: =H9*I9 -> 0
D10: =C10*B10 -> 0 | G10: =E10*F10 -> 0 | J10: =H10*I10 -> 0 | K10: =SUM(D10+G10+J10) -> 0
D11: =C11*B11 -> 0 | G11: =E11*F11 -> 0 | J11: =H11*I11 -> 0 | K11: =SUM(D11+G11+J11) -> 0
D12: =C12*B12 -> 0 | G12: =E12*F12 -> 0 | J12: =H12*I12 -> 0 | K12: =SUM(D12+G12+J12) -> 0
A13: Total: | B13: =ROUND(SUM(B8:B12),0) -> 0 | D13: =ROUND(SUM(D8:D12),0) -> 0 | E13: =ROUND(SUM(E8:E12),0) -> 0 | G13: =ROUND(SUM(G8:G12),0) -> 0 | H13: =ROUND(SUM(H8:H12),0) -> 0 | J13: =ROUND(SUM(J8:J12),0) -> 0 | K13: =ROUND(SUM(D13+G13+J13),0) -> 0
A15: A federally approved fringe benefit rate agreement, or a proposed rate supported and agreed upon by DOE for estimating purposes is required at the time of award negotiation if reimbursement for fringe benefits is requested. Please check (X) one of the options below and provide the requested information if not previously submitted.
A16: ______ A fringe benefit rate has been negotiated with, or approved by, a federal government agency. A copy of the latest rate agreement is/was included with the project application.* ______ There is not a current federally approved rate agreement negotiated and available.** *Unless the organization has submitted an indirect rate proposal which encompasses the fringe pool of costs, please provide the organization’s benefit package and/or a list of the components/elements that comprise the fringe pool and the cost or percentage of each component/element allocated to the labor costs identified in the Budget Justification. **When this option is checked, the entity preparing this form shall submit an indirect rate proposal in the format provided in the Sample Rate Proposal at http://www1.eere.energy.gov/financing/resources.html, or a format that provides the same level of information and which will support the rates being proposed for use in the performance of the proposed project.
A21: Additional Explanation (as necessary): Please use this box (or an attachment) to list the elements that comprise your fringe benefits and how they are applied to your base (e.g. Personnel) to arrive at your fringe benefit rate.

Sheet c. Travel
A1: Detailed Budget Justification
A2: c. Travel
A3: INSTRUCTIONS - PLEASE READ!!! 1. Identify Foreign and Domestic Travel as separate items. Examples of Purpose of Travel are subrecipient site visits, DOE meetings, project mgmt. meetings, etc. Examples of Basis for Estimating Costs are past trips, travel quotes, GSA rates, etc. 2. All listed travel must be necessary for performance of the Statement of Project Objectives. 3. Federal travel regulations are contained within the applicable cost principles for all entity types. Travel costs should remain consistent with travel costs incurred by an organization during normal business operations as a result of the organizations written travel policy. In absence of a written travel policy, organizations must follow the regulations prescribed by the General Services Administration. 4. Each budget period is rounded to the nearest dollar.
A5: SOPO Task # | B5: Purpose of Travel | C5: Depart From | D5: Destination | E5: No. of Days | F5: No. of Travelers | G5: Lodging per Traveler | H5: Flight per Traveler | I5: Vehicle per Traveler | J5: Per Diem Per Traveler | K5: Cost per Trip | L5: Basis for Estimating Costs
B6: Domestic Travel | C6: Budget Period 1
A7: 1 | B7: EXAMPLE!!! Visit to PV manufacturer | E7: 2 | F7: 2 | G7: 250 | H7: 500 | I7: 100 | J7: 160 | K7: =SUM(G7:J7)*F7 -> 2020 | L7: Current GSA rates
K8: =SUM(G8:J8)*F8 -> 0
K9: =SUM(G9:J9)*F9 -> 0
K10: =SUM(G10:J10)*F10 -> 0
K11: =SUM(G11:J11)*F11 -> 0
B12: International Travel
K13: =SUM(G13:J13)*F13 -> 0
B14: Budget Period 1 Total | K14: =ROUND(SUM(K8:K13),0) -> 0
B15: Domestic Travel | C15: Budget Period 2
K16: =SUM(G16:J16)*F16 -> 0
K17: =SUM(G17:J17)*F17 -> 0
K18: =SUM(G18:J18)*F18 -> 0
K19: =SUM(G19:J19)*F19 -> 0
B20: International Travel
K21: =SUM(G21:J21)*F21 -> 0
B22: Budget Period 2 Total | K22: =ROUND(SUM(K16:K21),0) -> 0
B23: Domestic Travel | C23: Budget Period 3
K24: =SUM(G24:J24)*F24 -> 0
K25: =SUM(G25:J25)*F25 -> 0
K26: =SUM(G26:J26)*F26 -> 0
K27: =SUM(G27:J27)*F27 -> 0
B28: International Travel
K29: =SUM(G29:J29)*F29 -> 0
B30: Budget Period 3 Total | K30: =ROUND(SUM(K24:K29),0) -> 0
B31: PROJECT TOTAL | K31: =ROUND(SUM(K14+K22+K30),0) -> 0
A33: Additional Explanation (as needed):

Sheet d. Equipment
A1: Detailed Budget Justification
A2: d. Equipment
A3: INSTRUCTIONS - PLEASE READ!!! 1. Equipment means tangible personal property (including information technology systems) having a useful life of more than one year and a per-unit acquisition cost which equals or exceeds the lesser of the capitalization level established by the non-Federal entity for financial statement purposes, or $5,000. Please refer to the applicable Federal regulations in 2 CFR 200 for specific equipment definitions and treatment. 2. List all equipment below, providing a basis of cost (e.g. vendor quotes, catalog prices, prior invoices, etc.). Briefly justify items as they apply to the Statement of Project Objectives. If it is existing equipment, provide logical support for the estimated value shown. 3. During award negotiations, provide a vendor quote for all equipment items over $50,000 in price. If the vendor quote is not an exact price match, provide an explanation in the additional explanation section below. If a vendor quote is not practical, such as for a piece of equipment that is purpose-built, first of its kind, or otherwise not available off the shelf, provide a detailed engineering estimate for how the cost estimate was derived. 4. Each budget period is rounded to the nearest dollar.
A5: SOPO Task # | B5: Equipment Item | C5: Qty | D5: Unit Cost | E5: Total Cost | F5: Basis of Cost | G5: Justification of need
A6: Budget Period 1
A7: 3,4,5 | B7: EXAMPLE!!! Thermal shock chamber | C7: 2 | D7: 70000 | E7: =C7*D7 -> 140000 | F7: Vendor Quote - Attached | G7: Reliability testing of PV modules- Task 4.3
E8: =C8*D8 -> 0
E9: =C9*D9 -> 0
E10: =C10*D10 -> 0
E11: =C11*D11 -> 0
E12: =C12*D12 -> 0
E13: =C13*D13 -> 0
B14: Budget Period 1 Total | E14: =ROUND(SUM(E8:E13),0) -> 0
A15: Budget Period 2
E16: =C16*D16 -> 0
E17: =C17*D17 -> 0
E18: =C18*D18 -> 0
E19: =C19*D19 -> 0
E20: =C20*D20 -> 0
E21: =C21*D21 -> 0
B22: Budget Period 2 Total | E22: =ROUND(SUM(E16:E21),0) -> 0
A23: Budget Period 3
E24: =C24*D24 -> 0
E25: =C25*D25 -> 0
E26: =C26*D26 -> 0
E27: =C27*D27 -> 0
E28: =C28*D28 -> 0
E29: =C29*D29 -> 0
B30: Budget Period 3 Total | E30: =ROUND(SUM(E24:E29),0) -> 0
B31: PROJECT TOTAL | E31: =ROUND(E14+E22+E30,0) -> 0
A33: Additional Explanation (as needed):

Sheet e. Supplies
A1: Detailed Budget Justification
A2: e. Supplies
A3: INSTRUCTIONS - PLEASE READ!!! 1. Supplies are generally defined as an item with an acquisition cost of $5,000 or less and a useful life expectancy of less than one year. Supplies are generally consumed during the project performance. Please refer to the applicable Federal regulations in 2 CFR 200 for specific supplies definitions and treatment. A computing device is a supply if the acquisition cost is less than the lesser of the capitalization level established by the non-Federal entity for financial statement purposes or $5,000, regardless of the length of its useful life. 2. List all proposed supplies below, providing a basis of costs (e.g. vendor quotes, catalog prices, prior invoices, etc.). Briefly justify the need for the Supplies as they apply to the Statement of Project Objectives. Note that Supply items must be direct costs to the project at this budget category, and not duplicative of supply costs included in the indirect pool that is the basis of the indirect rate applied for this project. 3. Multiple supply items valued at $5,000 or less used to assemble an equipment item with a value greater than $5,000 with a useful life of more than one year should be included on the equipment tab. If supply items and costs are ambiguous in nature, contact your DOE representative for proper categorization. 4. Add rows as needed. If rows are added, formulas/calculations may need to be adjusted by the preparer. 5. Each budget period is rounded to the nearest dollar.
A5: SOPO Task # | B5: General Category of Supplies | C5: Qty | D5: Unit Cost | E5: Total Cost | F5: Basis of Cost | G5: Justification of need
A6: Budget Period 1
A7: 4,6 | B7: EXAMPLE!!! Wireless DAS components | C7: 10 | D7: 360 | E7: 3600 | F7: Catalog price | G7: For Alpha prototype - Task 2.4
E8: =C8*D8 -> 0
E9: =C9*D9 -> 0
E10: =C10*D10 -> 0
E11: =C11*D11 -> 0
E12: =C12*D12 -> 0
E13: =C13*D13 -> 0
E14: =C14*D14 -> 0
B15: Budget Period 1 Total | E15: =ROUND(SUM(E8:E14),0) -> 0
A16: Budget Period 2
E17: =C17*D17 -> 0
E18: =C18*D18 -> 0
E19: =C19*D19 -> 0
E20: =C20*D20 -> 0
E21: =C21*D21 -> 0
E22: =C22*D22 -> 0
E23: =C23*D23 -> 0
E24: =C24*D24 -> 0
B25: Budget Period 2 Total | E25: =ROUND(SUM(E17:E24),0) -> 0
A26: Budget Period 3
E27: =C27*D27 -> 0
E28: =C28*D28 -> 0
E29: =C29*D29 -> 0
E30: =C30*D30 -> 0
E31: =C31*D31 -> 0
E32: =C32*D32 -> 0
E33: =C33*D33 -> 0
E34: =C34*D34 -> 0
B35: Budget Period 3 Total | E35: =ROUND(SUM(E27:E34),0) -> 0
B36: PROJECT TOTAL | E36: =ROUND(SUM(E35+E25+E15),0) -> 0
A38: Additional Explanation (as needed):

Sheet f. Contractual
A1: Detailed Budget Justification
A2: f. Contractual
A3: INSTRUCTIONS - PLEASE READ!!! 1. The entity completing this form must provide all costs related to subrecipients, vendors, and FFRDC partners in the applicable boxes below. 2. Subrecipients (partners, sub-awardees): Subrecipients shall submit a Budget Justification describing all project costs and calculations when their total proposed budget exceeds either (1) $100,000 or (2) 50% of total award costs. These subrecipient forms may be completed by either the subrecipients themselves or by the preparer of this form. The budget totals on the subrecipient's forms must match the subrecipient entries below. A subrecipient is a legal entity to which a subaward is made, who has performance measured against whether the objectives of the Federal program are met, is responsible for programmatic decision making, must adhere to applicable Federal program compliance requirements, and uses the Federal funds to carry out a program of the organization. All characteristics may not be present and judgment must be used to determine subrecipient vs. vendor status. 3. Vendors (including contractors): List all vendors and contractors supplying commercial supplies or services used to support the project. For each Vendor cost with total project costs of $250,000 or more, a Vendor quote must be provided. A vendor is a legal entity contracted to provide goods and services within normal business operations, provides similar goods or services to many different purchasers, operates in a competitive environment, provides goods or services that are ancillary to the operation of the Federal program, and is not subject to compliance requirements of the Federal program. All characteristics may not be present and judgment must be used to determine subrecipient vs. vendor status. 4. Federal Funded Research and Development Centers (FFRDCs): FFRDCs must submit a signed Field Work Proposal during award application. The award recipient may allow the FFRDC to provide this information directly to DOE, however project costs must also be provided below. 5. Each budget period is rounded to the nearest dollar.
A5: SOPO Task # | B5: Sub-Recipient Name/Organization | C5: Purpose and Basis of Cost | D5: Budget Period 1 | E5: Budget Period 2 | F5: Budget Period 3 | G5: Project Total
A6: 2,4 | B6: EXAMPLE!!! XYZ Corp. | C6: Partner to develop optimal lens for Gen 2 product. Cost estimate based on personnel hours. | D6: 48000 | E6: 32000 | F6: 16000 | G6: =SUM(D6:F6) -> 96000
G7: =SUM(D7:F7) -> 0
G8: =SUM(D8:F8) -> 0
G9: =SUM(D9:F9) -> 0
G10: =SUM(D10:F10) -> 0
G11: =SUM(D11:F11) -> 0
G12: =SUM(D12:F12) -> 0
C13: Sub-total | D13: =ROUND(SUM(D7:D12),0) -> 0 | E13: =ROUND(SUM(E7:E12),0) -> 0 | F13: =ROUND(SUM(F7:F12),0) -> 0 | G13: =ROUND(SUM(G7:G12),0) -> 0
A15: SOPO Task # | B15: Vendor Name/Organization | C15: Purpose and Basis of Cost | D15: Budget Period 1 | E15: Budget Period 2 | F15: Budget Period 3 | G15: Project Total
A16: 6 | B16: EXAMPLE!!! ABC Corp. | C16: Vendor for developing robotics to perform lens inspection. Estimate provided by vendor. | D16: 32900 | E16: 86500 | G16: =SUM(D16:F16) -> 119400
G17: =SUM(D17:F17) -> 0
G18: =SUM(D18:F18) -> 0
G19: =SUM(D19:F19) -> 0
G20: =SUM(D20:F20) -> 0
G21: =SUM(D21:F21) -> 0
C22: Sub-total | D22: =ROUND(SUM(D17:D21),0) -> 0 | E22: =ROUND(SUM(E17:E21),0) -> 0 | F22: =ROUND(SUM(F17:F21),0) -> 0 | G22: =ROUND(SUM(G17:G21),0) -> 0
A24: SOPO Task # | B24: FFRDC Name/Organization | C24: Purpose and Basis of Cost | D24: Budget Period 1 | E24: Budget Period 2 | F24: Budget Period 3 | G24: Project Total
G25: =SUM(D25:F25) -> 0
G26: =SUM(D26:F26) -> 0
C27: Sub-total | D27: =ROUND(SUM(D25:D26),0) -> 0 | E27: =ROUND(SUM(E25:E26),0) -> 0 | F27: =ROUND(SUM(F25:F26),0) -> 0 | G27: =ROUND(SUM(D27:F27),0) -> 0
B29: Total Contractual | D29: =ROUND(SUM(D22+D27+D13),0) -> 0 | E29: =ROUND(SUM(E22+E27+E13),0) -> 0 | F29: =ROUND(SUM(F22+F27+F13),0) -> 0 | G29: =ROUND(SUM(G22+G27+G13),0) -> 0
A31: Additional Explanation (as needed):

Sheet g. Construction
A1: Detailed Budget Justification
A2: g. Construction
A3: PLEASE READ!!! 1. Construction, for the purpose of budgeting, is defined as all types of work done on a particular building, including erecting, altering, or remodeling. Construction conducted by the award recipient is entered on this page. Any construction work that is performed by a vendor or subrecipient should be entered under f. Contractual. 2. List all proposed construction below, providing a basis of cost such as engineering estimates, prior construction, etc., and briefly justify its need as it applies to the Statement of Project Objectives. 3. Each budget period is rounded to the nearest dollar.
A5: Overall description of construction activities: Example Only!!! - Build wind turbine platform
A7: SOPO Task # | B7: General Description | C7: Cost | D7: Basis of Cost | E7: Justification of need
A8: Budget Period 1
A9: 3 | B9: EXAMPLE ONLY!!! Three days of excavation for platform site | C9: 28000 | D9: Engineering estimate | E9: Site must be prepared for construction of platform.
B15: Budget Period 1 Total | C15: =SUM(C10:C14) -> 0
A16: Budget Period 2
B22: Budget Period 2 Total | C22: =SUM(C17:C21) -> 0
A23: Budget Period 3
B29: Budget Period 3 Total | C29: =SUM(C24:C28) -> 0
B30: PROJECT TOTAL | C30: =C15+C22+C29 -> 0
A32: Additional Explanation (as needed):

Sheet h. Other
A1: Detailed Budget Justification
A2: h. Other Direct Costs
A3: INSTRUCTIONS - PLEASE READ!!! 1. Other direct costs are direct cost items required for the project which do not fit clearly into other categories. These direct costs must not be included in the indirect costs (for which the indirect rate is being applied for this project). Examples are: tuition, printing costs, etc. which can be directly charged to the project and are not duplicated in indirect costs (overhead costs). 2. Basis of cost are items such as vendor quotes, prior purchases of similar or like items, published price list, etc. 3. Each budget period is rounded to the nearest dollar.
A5: SOPO Task # | B5: General Description and SOPO Task # | C5: Cost | D5: Basis of Cost | E5: Justification of need
A6: Budget Period 1
A7: 5 | B7: EXAMPLE!!! Grad student tuition - tasks 1-3 | C7: 16000 | D7: Established UCD costs | E7: Support of graduate students working on project
B14: Budget Period 1 Total | C14: =ROUND(SUM(C8:C13),0) -> 0
B15: Budget Period 2
B22: Budget Period 2 Total | C22: =ROUND(SUM(C16:C21),0) -> 0
B23: Budget Period 3
B30: Budget Period 3 Total | C30: =ROUND(SUM(C24:C29),0) -> 0
B31: PROJECT TOTAL | C31: =ROUND(SUM(C30+C22+C14),0) -> 0
A33: Additional Explanation (as needed):

Sheet i. Indirect
A1: Detailed Budget Justification
A2: i. Indirect Costs
A3: INSTRUCTIONS - PLEASE READ!!! 1. Fill out the table below to indicate how your indirect costs are calculated. Use the box below to provide additional explanation regarding your indirect rate calculation. 2. The rates and how they are applied should not be averaged to get one indirect cost percentage. Complex calculations or rates that do not do not correspond to the below categories should be described/provided in the Additional Explanation section below. If questions exist, consult with your DOE contact before filling out this section. 3. The indirect rate should be applied to both the Federal Share and Recipient Cost Share. 4. NOTE: A Recipient who elects to employ the 10% de minimis Indirect Cost rate cannot claim resulting costs as a Cost Share contribution, nor can the Recipient claim "unrecovered indirect costs" as a Cost Share contribution. Neither of these costs can be reflected as actual indirect cost rates realized by the organization, and therefore are not verifiable in the Recipient records as required by Federal Regulation (§200.306(b)(1)). 5. Each budget period is rounded to the nearest dollar.
B5: Budget Period 1 | C5: Budget Period 2 | D5: Budget Period 3 | E5: Total | F5: Explanation of BASE
A6: Provide ONLY Applicable Rates:
A7: Overhead Rate | B7: 0 | C7: 0 | D7: 0
A8: General & Administrative (G&A) | B8: 0 | C8: 0 | D8: 0
A9: FCCM Rate, if applicable | B9: 0 | C9: 0 | D9: 0
A10: OTHER Indirect Rate | B10: 0 | C10: 0 | D10: 0
A11: Indirect Costs (As Applicable):
A12: Overhead Costs | E12: =ROUND(SUM(B12:D12),0) -> 0
A13: G&A Costs | E13: =ROUND(SUM(B13:D13),0) -> 0
A14: FCCM Costs, if applicable | E14: =ROUND(SUM(B14:D14),0) -> 0
A15: OTHER Indirect Costs | E15: =ROUND(SUM(B15:D15),0) -> 0
A16: Total indirect costs requested: | B16: =ROUND(SUM(B12:B15),0) -> 0 | C16: =ROUND(SUM(C12:C15),0) -> 0 | D16: =ROUND(SUM(D12:D15),0) -> 0 | E16: =ROUND(SUM(E12:E15),0) -> 0
A18: A federally approved indirect rate agreement, or rate proposed (supported and agreed upon by DOE for estimating purposes) is required if reimbursement of indirect costs is requested. Please check (X) one of the options below and provide the requested information if it has not already been provided as requested, or has changed.
A19: ______ An indirect rate has been approved or negotiated with a federal government agency. A copy of the latest rate agreement is included with this application, and will be provided electronically to the Contracting Officer for this project. ______ There is not a current, federally approved rate agreement negotiated and available*. *When this option is checked, the entity preparing this form shall submit an indirect rate proposal in the format provided by your DOE contact, or a format that provides the same level of information and which will support the rates being proposed for use in performance of the proposed project. Additionally, any non-Federal entity that has never received a negotiated indirect cost rate, except for those non-Federal entities described in Appendix VII to Part 200—States and Local Government and Indian Tribe Indirect Cost Proposals, paragraph D.1.b, may elect to charge a de minimis rate of 10% of modified total direct costs (MTDC) which may be used indefinitely.As described in §200.403 Factors affecting allowability of costs, costs must be consistently charged as either indirect or direct costs, but may not be double charged or inconsistently charged as both. If chosen, this methodology once elected must be used consistently for all Federal awards until such time as a non-Federal entity chooses to negotiate for a rate, which the non-Federal entity may apply to do at any time.
A21: You must provide an explanation (below or in a separate attachment) and show how your indirect cost rate was applied to this budget in order to come up with the indirect costs shown.
A23: Additional Explanation (as needed): *IMPORTANT: Please use this box (or an attachment) to further explain how your total indirect costs were calculated. If the total indirect costs are a cumulative amount of more than one calculation or rate application, the explanation and calculations should identify all rates used, along with the base they were applied to (and how the base was derived), and a total for each (along with grand total).

Sheet j. Cost Share
A1: Detailed Budget Justification
A2: Cost Share
A3: PLEASE READ!!! 1. A detailed presentation of the cash or cash value of all cost share proposed must be provided in the table below. All items in the chart below must be identified within the applicable cost category tabs a. through i. in addition to the detailed presentation of the cash or cash value of all cost share proposed provided in the table below. Identify the source organization & amount of each cost share item proposed in the award. 2. Cash Cost Share - encompasses all contributions to the project made by the recipient, subrecipient, or third party (an entity that does not have a role in performing the scope of work) for costs incurred and paid for during the project. This includes when an organization pays for personnel, supplies, equipment, etc. for their own company with organizational resources. If the item or service is reimbursed for, it is cash cost share. All cost share items must be necessary to the performance of the project. Vendors may not provide cost share. Any partial donation of goods or services is considered a discount and is not allowable. 3. In Kind Cost Share - encompasses all contributions to the project made by the recipient, subrecipient, or third party (an entity that does not have a role in performing the scope of work) where a value of the contribution can be readily determined, verified and justified but where no actual cash is transacted in securing the good or service comprising the contribution. In Kind cost share items include volunteer personnel hours, the donation of space or use of equipment, etc. The cash value and calculations thereof for all In Kind cost share items must be justified and explained in the Cost Share Item section below. All cost share items must be necessary to the performance of the project. If questions exist, consult your DOE contact before filling out In Kind cost share in this section. Vendors may not provide cost share. Any partial donation of goods or services is considered a discount and is not allowable. 4. Funds from other Federal sources MAY NOT be counted as cost share. This prohibition includes FFRDC sub-recipients. Non-Federal sources include any source not originally derived from Federal funds. Cost sharing commitment letters from subrecipients and third parties must be provided with the original application. 5. Fee or profit, including foregone fee or profit, are not allowable as project costs (including cost share) under any resulting award. The project may only incur those costs that are allowable and allocable to the project (including cost share) as determined in accordance with the applicable cost principles prescribed in FAR Part 31 for For-Profit entities and 2 CFR Part 200 Subpart E - Cost Principles for all other non-federal entities. 6. NOTE: A Recipient who elects to employ the 10% de minimis Indirect Cost rate cannot claim the resulting indirect costs as a Cost Share contribution. 7. NOTE: A Recipient cannot claim "unrecovered indirect costs" as a Cost Share contribution, without prior approval. 8. Each budget period is rounded to the nearest dollar.
A5: Organization/Source | B5: Type (Cash or In Kind) | C5: Cost Share Item | D5: Budget Period 1 | E5: Budget Period 2 | F5: Budget Period 3 | G5: Total Project Cost Share
A6: ABC Company EXAMPLE!!! | B6: Cash | C6: Project partner ABC Company will provide 20 PV modules for product development at the price of $680 per module | D6: 13600 | G6: =SUM(D6:F6) -> 13600
G7: =SUM(D7:F7) -> 0
G8: =SUM(D8:F8) -> 0
G9: =SUM(D9:F9) -> 0
G10: =SUM(D10:F10) -> 0
G11: =SUM(D11:F11) -> 0
G12: =SUM(D12:F12) -> 0
G13: =SUM(D13:F13) -> 0
G14: =SUM(D14:F14) -> 0
G15: =SUM(D15:F15) -> 0
G16: =SUM(D16:F16) -> 0
C17: Totals | D17: =ROUND(SUM(D7:D16),0) -> 0 | E17: =ROUND(SUM(E7:E16),0) -> 0 | F17: =ROUND(SUM(F7:F16),0) -> 0 | G17: =ROUND(SUM(G7:G16),0) -> 0
A19: Total Project Cost: | C19: ='Instructions and Summary'!E32 -> 0 | D19: Cost Share Percent of Award: | G19: =IF(C19>0,G17/C19,0) -> 0
A21: Additional Explanation (as needed):

Sheet SF-424A Cost Categories
A1: Applicant Name: | C1: ='Instructions and Summary'!B4 -> 0 | E1: Award Number: | F1: ='Instructions and Summary'!B3 -> 0
A2: Budget Information - Non Construction Programs
A3: OMB Approval No. 0348-0044
A4: Section A - Budget Summary
B5: Grant Program Function or Activity | C5: Catalog of Federal Domestic Assistance Number | D5: Estimated Unobligated Funds | F5: New or Revised Budget
D6: Federal | E6: Non-Federal | F6: Federal | G6: Non-Federal | H6: Total
B7: (a) | C7: (b) | D7: (c) | E7: (d) | F7: (e) | G7: (f) | H7: (g)
A8: 1. | B8: Budget Period 1 | F8: ='Instructions and Summary'!C12 -> 0 | G8: ='Instructions and Summary'!D12 -> 0 | H8: =ROUND(SUM(D8:G8),0) -> 0
A9: 2. | B9: Budget Period 2 | F9: ='Instructions and Summary'!C13 -> 0 | G9: ='Instructions and Summary'!D13 -> 0 | H9: =ROUND(SUM(D9:G9),0) -> 0
A10: 3. | B10: Budget Period 3 | F10: ='Instructions and Summary'!C14 -> 0 | G10: ='Instructions and Summary'!D14 -> 0 | H10: =ROUND(SUM(D10:G10),0) -> 0
A11: 4.
A12: 5. | B12: Totals | F12: =ROUND(SUM(F8:F11),0) -> 0 | G12: =ROUND(SUM(G8:G11),0) -> 0 | H12: =ROUND(SUM(H8:H11),0) -> 0
A13: Section B - Budget Categories
A14: 6. | B14: Object Class Categories | D14: Grant Program, Function or Activity | H14: Total (5)
D15: Budget Period 1 | E15: Budget Period 2 | F15: Budget Period 3
B16: a. Personnel | D16: =+'Instructions and Summary'!B18 -> 0 | E16: =+'Instructions and Summary'!C18 -> 0 | F16: =+'Instructions and Summary'!D18 -> 0 | H16: =ROUND(SUM(D16:G16),0) -> 0
B17: b. Fringe Benefits | D17: ='Instructions and Summary'!B19 -> 0 | E17: ='Instructions and Summary'!C19 -> 0 | F17: ='Instructions and Summary'!D19 -> 0 | H17: =ROUND(SUM(D17:G17),0) -> 0
B18: c. Travel | D18: ='Instructions and Summary'!B20 -> 0 | E18: ='Instructions and Summary'!C20 -> 0 | F18: ='Instructions and Summary'!D20 -> 0 | H18: =ROUND(SUM(D18:G18),0) -> 0
B19: d. Equipment | D19: ='Instructions and Summary'!B21 -> 0 | E19: ='Instructions and Summary'!C21 -> 0 | F19: ='Instructions and Summary'!D21 -> 0 | H19: =ROUND(SUM(D19:G19),0) -> 0
B20: e. Supplies | D20: ='Instructions and Summary'!B22 -> 0 | E20: ='Instructions and Summary'!C22 -> 0 | F20: ='Instructions and Summary'!D22 -> 0 | H20: =ROUND(SUM(D20:G20),0) -> 0
B21: f. Contractual | D21: ='Instructions and Summary'!B27 -> 0 | E21: ='Instructions and Summary'!C27 -> 0 | F21: ='Instructions and Summary'!D27 -> 0 | H21: =ROUND(SUM(D21:G21),0) -> 0
B22: g. Construction | D22: ='Instructions and Summary'!B28 -> 0 | E22: ='Instructions and Summary'!C28 -> 0 | F22: ='Instructions and Summary'!D28 -> 0 | H22: =ROUND(SUM(D22:G22),0) -> 0
B23: h. Other | D23: ='Instructions and Summary'!B29 -> 0 | E23: ='Instructions and Summary'!C29 -> 0 | F23: ='Instructions and Summary'!D29 -> 0 | H23: =ROUND(SUM(D23:G23),0) -> 0
B24: i. Total Direct Charges (sum of 6a-6h) | D24: =SUM(D16:D23) -> 0 | E24: =SUM(E16:E23) -> 0 | F24: =SUM(F16:F23) -> 0 | H24: =ROUND(SUM(H16:H23),0) -> 0
B25: j. Indirect Charges | D25: ='Instructions and Summary'!B31 -> 0 | E25: ='Instructions and Summary'!C31 -> 0 | F25: ='Instructions and Summary'!D31 -> 0 | H25: =ROUND(SUM(D25:G25),0) -> 0
B26: k. Totals (sum of 6i-6j) | D26: =ROUND(SUM(D24:D25),0) -> 0 | E26: =ROUND(SUM(E24:E25),0) -> 0 | F26: =ROUND(SUM(F24:F25),0) -> 0 | H26: =ROUND(SUM(H24:H25),0) -> 0
A28: 7. | B28: Program Income | H28: =ROUND(SUM(D28:G28),0) -> 0
H30: SF-424A (Rev. 4-92)
A31: Previous Edition Usable | G31: Prescribed by OMB Circular A-102
A32: Authorized for Local Reproduction

Sheet SF-424A Minus FFRDC
A1: Applicant Name: | C1: ='Instructions and Summary'!B4 -> 0 | E1: Award Number: | F1: ='Instructions and Summary'!B3 -> 0
A2: Budget Information - Non Construction Programs
A3: OMB Approval No. 0348-0044
A4: Section A - Budget Summary
B5: Grant Program Function or Activity | C5: Catalog of Federal Domestic Assistance Number | D5: Estimated Unobligated Funds | F5: New or Revised Budget
D6: Federal | E6: Non-Federal | F6: Federal | G6: Non-Federal | H6: Total
B7: (a) | C7: (b) | D7: (c) | E7: (d) | F7: (e) | G7: (f) | H7: (g)
A8: 1. | B8: Budget Period 1 | F8: ='Instructions and Summary'!C12-'Instructions and Summary'!B26 -> 0 | G8: ='Instructions and Summary'!D12 -> 0 | H8: =ROUND(SUM(D8:G8),0) -> 0
A9: 2. | B9: Budget Period 2 | F9: ='Instructions and Summary'!C13-'Instructions and Summary'!C26 -> 0 | G9: ='Instructions and Summary'!D13 -> 0 | H9: =ROUND(SUM(D9:G9),0) -> 0
A10: 3. | B10: Budget Period 3 | F10: ='Instructions and Summary'!C14-'Instructions and Summary'!D26 -> 0 | G10: ='Instructions and Summary'!D14 -> 0 | H10: =ROUND(SUM(D10:G10),0) -> 0
A11: 4.
A12: 5. | B12: Totals | F12: =ROUND(SUM(F8:F11),0) -> 0 | G12: =ROUND(SUM(G8:G11),0) -> 0 | H12: =ROUND(SUM(H8:H11),0) -> 0
A13: Section B - Budget Categories
A14: 6. | B14: Object Class Categories | D14: Grant Program, Function or Activity | H14: Total (5)
D15: Budget Period 1 | E15: Budget Period 2 | F15: Budget Period 3
B16: a. Personnel | D16: =+'Instructions and Summary'!B18 -> 0 | E16: =+'Instructions and Summary'!C18 -> 0 | F16: =+'Instructions and Summary'!D18 -> 0 | H16: =ROUND(SUM(D16:G16),0) -> 0
B17: b. Fringe Benefits | D17: ='Instructions and Summary'!B19 -> 0 | E17: ='Instructions and Summary'!C19 -> 0 | F17: ='Instructions and Summary'!D19 -> 0 | H17: =ROUND(SUM(D17:G17),0) -> 0
B18: c. Travel | D18: ='Instructions and Summary'!B20 -> 0 | E18: ='Instructions and Summary'!C20 -> 0 | F18: ='Instructions and Summary'!D20 -> 0 | H18: =ROUND(SUM(D18:G18),0) -> 0
B19: d. Equipment | D19: ='Instructions and Summary'!B21 -> 0 | E19: ='Instructions and Summary'!C21 -> 0 | F19: ='Instructions and Summary'!D21 -> 0 | H19: =ROUND(SUM(D19:G19),0) -> 0
B20: e. Supplies | D20: ='Instructions and Summary'!B22 -> 0 | E20: ='Instructions and Summary'!C22 -> 0 | F20: ='Instructions and Summary'!D22 -> 0 | H20: =ROUND(SUM(D20:G20),0) -> 0
B21: f. Contractual | D21: ='Instructions and Summary'!B27-'Instructions and Summary'!B26 -> 0 | E21: ='Instructions and Summary'!C27-'Instructions and Summary'!C26 -> 0 | F21: ='Instructions and Summary'!D27-'Instructions and Summary'!D26 -> 0 | H21: =ROUND(SUM(D21:G21),0) -> 0
B22: g. Construction | D22: ='Instructions and Summary'!B28 -> 0 | E22: ='Instructions and Summary'!C28 -> 0 | F22: ='Instructions and Summary'!D28 -> 0 | H22: =ROUND(SUM(D22:G22),0) -> 0
B23: h. Other | D23: ='Instructions and Summary'!B29 -> 0 | E23: ='Instructions and Summary'!C29 -> 0 | F23: ='Instructions and Summary'!D29 -> 0 | H23: =ROUND(SUM(D23:G23),0) -> 0
B24: i. Total Direct Charges (sum of 6a-6h) | D24: =SUM(D16:D23) -> 0 | E24: =SUM(E16:E23) -> 0 | F24: =SUM(F16:F23) -> 0 | H24: =ROUND(SUM(H16:H23),0) -> 0
B25: j. Indirect Charges | D25: ='Instructions and Summary'!B31 -> 0 | E25: ='Instructions and Summary'!C31 -> 0 | F25: ='Instructions and Summary'!D31 -> 0 | H25: =ROUND(SUM(D25:G25),0) -> 0
B26: k. Totals (sum of 6i-6j) | D26: =ROUND(SUM(D24:D25),0) -> 0 | E26: =ROUND(SUM(E24:E25),0) -> 0 | F26: =ROUND(SUM(F24:F25),0) -> 0 | H26: =ROUND(SUM(H24:H25),0) -> 0
A28: 7. | B28: Program Income | H28: =ROUND(SUM(D28:G28),0) -> 0
H30: SF-424A (Rev. 4-92)
A31: Previous Edition Usable | G31: Prescribed by OMB Circular A-102
A32: Authorized for Local Reproduction
